Map: Ulrena

Players

lesha

  • Race: Terran Terran
  • League: Gold

Skybob - Winner!

  • Race: Terran Terran
  • League: Gold

VOD

Have the link to the VOD?

Description

Time

  • Played on: Jan. 9, 2016, 9:02 p.m.
  • Length: 8:37
Show
View Real Time Build Order
Export as new Build Order

lesha Terran 

Build Orders: Reaper Expand 

Get SALT Encoding   

  12  0:01  SCV  
  13  0:13  SCV  
  14  0:19  Supply Depot  
  14  0:25  SCV  
  15  0:40  SCV  
  15  0:42  Barracks  
  16  0:50  Refinery  
  16  0:52  SCV  
  17  1:04  SCV  
  18  1:17  SCV  
  19  1:30  Orbital Command  
  19  1:33  Reaper  
  20  1:42  Command Center  
  20  1:53  Barracks  
  20  1:58  SCV  
  21  2:10  Supply Depot, SCV  
  21  2:14  Barracks Reactor  
  22  2:36  SCV  
  23  2:45  Factory  
  23  2:47  Barracks Tech Lab  
  23  2:49  Barracks  
  23  2:55  Refinery  
  23  2:58  Engineering Bay  
  22  3:05  Marine x2  
  22  3:06  Marauder  
  17  3:44  Marine x3  
  17  3:45  Marine  
  17  3:46  Hellion  
  24  3:55  SCV  
  24  4:07  SCV  
  22  4:18  Marine x4  
  26  4:25  SCV  
  27  4:34  Hellion  
  27  4:36  Marine x3  
  32  4:46  SCV  
  32  4:52  Marauder  
  35  4:58  SCV  
  31  5:25  Marine x4  
  31  5:27  SCV  
  34  5:33  Starport  
  34  5:39  SCV  
  35  5:43  Marine x2  
  34  5:51  SCV  
  34  5:56  Marine x2  
  37  6:00  Marine  
  35  6:07  Marine  
  35  6:09  Widow Mine  
  35  6:14  Marine  
  35  6:15  SCV  
  37  6:29  Medivac  
  38  6:38  Widow Mine  
  37  6:41  Marine  
  37  6:42  Marine x3  
  41  6:59  Marine x2  
  41  7:00  Marine x2  
  45  7:05  Supply Depot  
  45  7:26  Widow Mine  
  47  7:30  SCV  
  48  7:51  Command Center  
  48  7:53  Supply Depot  
  48  7:54  Barracks Reactor  
Show
View Real Time Build Order
Export as new Build Order

Skybob Terran - Winner!

Build Orders:  

Get SALT Encoding   

  12  0:01  SCV  
  13  0:13  SCV  
  14  0:21  Supply Depot  
  14  0:25  SCV  
  15  0:43  SCV  
  15  0:44  Barracks  
  15  0:46  Refinery  
  16  0:55  SCV  
  17  1:02  Barracks  
  17  1:07  SCV  
  18  1:19  SCV  
  19  1:26  Supply Depot  
  19  1:31  SCV, Reaper  
  21  1:41  Barracks  
  21  1:44  SCV  
  22  1:53  Reaper  
  23  1:57  Refinery  
  23  2:01  SCV  
  23  2:07  Reaper  
  25  2:13  SCV  
  27  2:31  Reaper  
  27  2:32  Reaper  
  28  2:40  Command Center  
  28  2:43  Reaper  
  29  3:03  Reaper  
  29  3:04  Reaper  
  30  3:43  Reaper  
  31  3:50  Supply Depot  
  31  3:52  SCV, Reaper x2  
  34  3:55  Factory  
  34  3:57  Orbital Command  
  32  4:25  Reaper  
  32  4:26  Reaper x2, Orbital Command  
  32  4:29  SCV  
  37  4:46  Refinery  
  37  4:47  Orbital Command  
  36  4:57  Reaper  
  36  4:58  Reaper  
  37  5:28  SCV x2  
  39  5:34  Starport  
  39  5:35  Barracks Reactor x3  
  39  5:37  Factory Tech Lab  
  39  5:40  SCV x2  
  39  5:52  SCV x2  
  41  6:10  Siege Tank  
  44  6:12  SCV x2  
  44  6:13  Starport Reactor  
  46  6:31  Marine x6  
  52  6:48  Marine  
  52  6:49  Marine  
  52  6:52  Siege Tank, Marine x2  
  52  6:54  Supply Depot  
  59  6:55  SCV x2  
  59  6:59  Supply Depot  
  59  7:00  Supply Depot  
  61  7:02  Supply Depot  
  61  7:06  Barracks  
  61  7:07  SCV  
  62  7:08  Barracks  
  62  7:10  Engineering Bay  
  62  7:12  Engineering Bay  
  62  7:19  Marine  
  62  7:20  Marine x4  
  67  7:22  Liberator  
  67  7:23  Liberator  
  67  7:36  SCV x2  
  69  7:39  Siege Tank  
  69  7:43  Marine x2  
  69  7:44  Marine x3  
  81  7:48  SCV  
  81  7:49  SCV  
  85  7:55  Barracks Tech Lab  
  85  7:56  Barracks Tech Lab  
  85  8:00  SCV  
  86  8:10  SCV  
  86  8:12  SCV, Refinery  
  88  8:22  SCV  
Tags
 
League
GoldGold
Matchup
TvT
Race
Terran
Add a new tag
Caveats
  • Supply blocks, unpowered buildings, or Contaminate may cause inaccurate times.
  • Supply counts are checked every 10 seconds.